 Dungeon Sprint DCSS version 0.15-a0-2130-g28e4b74 (webtiles) character file.

1003 fransbal the Thaumaturge (level 8, -12/48 HPs)
             Began as a Deep Elf Venom Mage on July 16, 2014.
             Was a High Priest of Sif Muna.
             Killed from afar by a gargoyle (20 damage)
             ... with a stone arrow
             ... in the Dungeon (Sprint IX: "|||||||||||||||||||||||||||||").
             The game lasted 00:06:42 (653 turns).

fransbal the Thaumaturge (Deep Elf Venom Mage)       Turns: 653, Time: 00:06:42

HP -12/48        AC  9     Str 11      XL: 8   Next:  0%
MP   8/31        EV 16     Int 23      God: Sif Muna [*****.]
Gold 0           SH  0     Dex 15      Spells:  5 memorised, 16 levels left

rFire  . . .     SeeInvis .     q - +2 halberd (protect)
rCold  . . .     Clarity  .     a - +0 robe
rNeg   . . .     rCorr    .     (no shield)
rPois  .         rRot     .     r - +0 helmet
rElec  .         Spirit   .     s - +0 cloak
SustAb .         Warding  .     (no gloves)
rMut   .         NoTele   +     (no boots)
Gourm  .                        (no amulet)
MR     .....                    v - +3 ring of strength
                                u - +3 ring of strength

@: very slightly contaminated, invisible, not resistant to hostile enchantments,
unstealthy
A: no striking features
a: Channel Energy, Forget Spell, Renounce Religion


You were in the Dungeon.
You worshipped Sif Muna.
Sif Muna was extremely pleased with you.
You were near starving.

You visited 1 branch


   Skills:
 + Level 4.3 Fighting
 + Level 6.9 Dodging
 - Level 2.4 Stealth
 + Level 12.4 Spellcasting
 + Level 10.4 Conjurations
 - Level 9.9 Poison Magic


You had 16 spell levels left.
You knew the following spells:

 Your Spells              Type           Power        Failure   Level  Hunger
a - Sting                 Conj/Pois      ####         1%          1    None
i - Cure Poison           Pois           ######....   1%          2    None
n - Olgreb's Toxic Radia  Pois           ######..     1%          4    None
B - Venom Bolt            Conj/Pois      ######....   1%          5    ###....
C - Mephitic Cloud        Conj/Pois/Air  #####...     1%          3    None

Inventory:

Hand weapons
 j - a +0 dagger
 q - a +2 halberd of protection (weapon)
Armour
 a - a +0 robe (worn)
 r - a +0 helmet (worn)
 s - a +0 cloak (worn)
 t - a +2 ring mail
Magical devices
 o - a wand of cold (4)
Scrolls
 i - 2 scrolls of blinking
 m - 2 scrolls of remove curse
 n - 2 scrolls of amnesia
Jewellery
 u - a +3 ring of strength (left hand)
 v - a +3 ring of strength (right hand)
Potions
 d - 4 potions of curing
 g - 4 potions of magic
Books
 b - a Young Poisoner's Handbook

   Spells                             Type                      Level
   *Sting                             Conjuration/Poison           1
   *Cure Poison                       Poison                       2
   *Mephitic Cloud                    Conjuration/Poison/Air       3
   *Olgreb's Toxic Radiance           Poison                       4
   *Venom Bolt                        Conjuration/Poison           5
Magical staves
 p - an uncursed staff of energy {!a}


Message History

* * * LOW HITPOINT WARNING * * *
The gargoyle hurls a stone arrow at you.
The stone arrow misses you.
You are near starving!
You hit the gargoyle.
The gargoyle is moderately damaged.
The gargoyle hurls a stone arrow at you.
The stone arrow misses you.
You catch the helpless gargoyle completely off-guard!
You hit the gargoyle but do no damage.
The gargoyle is moderately damaged.
The gargoyle barely misses you.
Press: ? - help, v - describe, . - travel
Here: a gargoyle, wielding a runed mace (moderately damaged)
An open door.
You hit the gargoyle but do no damage.
The gargoyle is moderately damaged.
The gargoyle hurls a stone arrow at you.
The stone arrow hits you!
You die...

#+#
#.#
#.#
#.#
#.#
#.#
#Z#
#9#
#@#
#.#
#.#
#.#
#.#
#)#
#'#
#)#
#.#


You could see a gargoyle and a kobold skeleton (wandering).

Vanquished Creatures
  A hill giant (D)
  A troll (D)
  A yak (D)
  A hungry ghost (D)
  A giant frog (D)
  A scorpion (D)
  A worker ant (D)
  A gnoll (D)
  A giant mite (D)
  An orc (D)
  A giant cockroach (D)
  3 goblins (D)
  A giant spore (D)
  2 rats (D)
  A rat skeleton (D)
18 creatures vanquished.

Vanquished Creatures (others)
  A yak (D)
  An adder (D)
2 creatures vanquished.

Grand Total: 20 creatures vanquished

Notes
Turn   | Place    | Note
--------------------------------------------------------------
     0 | D        | fransbal, the Deep Elf Venom Mage, began the quest for the Orb.
     0 | D        | Reached XP level 1. HP: 10/10 MP: 5/5
     8 | D        | Reached skill level 1 in Conjurations
     9 | D        | Reached skill level 5 in Poison Magic
     9 | D        | Reached XP level 2. HP: 9/15 MP: 1/9
   129 | D        | Noticed a scorpion
   137 | D        | Killed a scorpion
   137 | D        | Reached skill level 6 in Spellcasting
   137 | D        | Reached skill level 6 in Poison Magic
   137 | D        | Reached XP level 3. HP: 19/19 MP: 8/16
   154 | D        | HP: 4/28 [gnoll/spear (5)]
   159 | D        | Reached XP level 4. HP: 5/24 MP: 5/18
   186 | D        | Found a glowing silver altar of Zin.
   186 | D        | Found a glowing golden altar of the Shining One.
   186 | D        | Found an ancient bone altar of Kikubaaqudgha.
   186 | D        | Found a basalt altar of Yredelemnul.
   186 | D        | Found a shimmering altar of Xom.
   186 | D        | Found a radiant altar of Vehumet.
   186 | D        | Found an iron altar of Okawaru.
   187 | D        | Found a burning altar of Makhleb.
   188 | D        | Found a deep blue altar of Sif Muna.
   189 | D        | Found a bloodstained altar of Trog.
   190 | D        | Found a sparkling altar of Nemelex Xobeh.
   191 | D        | Found a white marble altar of Elyvilon.
   192 | D        | Found a roughly hewn altar of Beogh.
   193 | D        | Found a viscous altar of Jiyva.
   194 | D        | Found a corrupted altar of Lugonu.
   195 | D        | Found a blossoming altar of Fedhas.
   196 | D        | Found a snail-covered altar of Cheibriados.
   197 | D        | Found a shadowy altar of Dithmenos.
   199 | D        | Became a worshipper of Sif Muna the Loreminder
   201 | D        | Found a stormy altar of Qazlal.
   202 | D        | Found an opulent altar of Gozag.
   400 | D        | Learned a level 2 spell: Cure Poison
   404 | D        | Learned a level 3 spell: Mephitic Cloud
   409 | D        | Learned a level 4 spell: Olgreb's Toxic Radiance
   409 | D        | Noticed a hungry ghost
   409 | D        | Noticed a hill giant
   409 | D        | Noticed a yak
   411 | D        | Killed a yak
   411 | D        | Acquired Sif Muna's first power
   411 | D        | Reached skill level 8 in Spellcasting
   411 | D        | Reached skill level 6 in Conjurations
   411 | D        | Reached XP level 5. HP: 26/28 MP: 14/22
   411 | D        | HP: 3/28 [something (23)]
   421 | D        | Killed a hill giant
   421 | D        | Acquired Sif Muna's second power
   421 | D        | Acquired Sif Muna's third power
   421 | D        | Reached skill level 10 in Spellcasting
   421 | D        | Reached skill level 9 in Poison Magic
   421 | D        | Reached XP level 6. HP: 14/32 MP: 16/26
   517 | D        | Killed a hungry ghost
   517 | D        | Reached skill level 11 in Spellcasting
   517 | D        | Reached skill level 9 in Conjurations
   517 | D        | Reached XP level 7. HP: 26/40 MP: 26/28
   633 | D        | Learned a level 5 spell: Venom Bolt
   633 | D        | Noticed a yak
   633 | D        | Noticed a giant frog
   633 | D        | Noticed a worker ant
   633 | D        | Noticed a troll
   633 | D        | Noticed a gargoyle
   635 | D        | Killed a troll
   635 | D        | Reached skill level 3 in Fighting
   635 | D        | Reached skill level 12 in Spellcasting
   635 | D        | Killed a worker ant
   635 | D        | Reached skill level 6 in Dodging
   636 | D        | HP: 7/42 [gargoyle/runed mace (9)]
   639 | D        | Killed a giant frog
   640 | D        | Killed a yak
   640 | D        | Reached XP level 8. HP: 20/48 MP: 4/31
   641 | D        | HP: 4/48 [gargoyle/runed mace (7)]
   650 | D        | HP: 8/48 [gargoyle/runed mace (4)]
   653 | D        | Killed from afar by a gargoyle

Vault maps used:
D:        linesprint

Action                   |  1- 3 |  4- 6 |  7- 9 || total
-------------------------+-------+-------+-------++-------
Melee: Dagger            |     7 |       |       ||     7
       Halberd           |       |    39 |    10 ||    49
 Cast: Sting             |    15 |       |       ||    15
       Olgreb's Toxic Ra |       |     1 |       ||     1
       Venom Bolt        |       |       |     5 ||     5
Evoke: Wand              |       |     2 |     1 ||     3
  Use: Potion            |     1 |     3 |     3 ||     7
       Scroll            |       |     1 |       ||     1
 Stab: Invisible         |       |       |     3 ||     3
  Eat: Bread ration      |       |     1 |       ||     1
       Chunk             |       |       |     1 ||     1
